 Dungeon Crawl Stone Soup version 0.28.0-43-g3370ac3207 (webtiles) character file.

Game seed: 11871002611965815288

887 DearestLeader the Cleaver (level 7, -4/61 HPs)
             Began as a Minotaur Fighter on Mar 23, 2022.
             Slain by a yak (5 damage)
             ... on level 4 of the Dungeon.
             The game lasted 00:05:54 (3734 turns).

DearestLeader the Cleaver (Minotaur Fighter)        Turns: 3734, Time: 00:05:55

Health: -4/61      AC:  8    Str: 22    XL:     7   Next: 77%
Magic:  6/6        EV: 10    Int:  5    God:
Gold:   128        SH:  4    Dex: 10    Spells: 6/6 levels left

rFire   . . .      SeeInvis .   l - +0 hand axe (venom)
rCold   . . .      Faith    .   c - +0 buckler
rNeg    . . .      Spirit   .   b - +0 scale mail
rPois   .          Reflect  .   (helmet restricted)
rElec   .          Harm     .   (no cloak)
rCorr   .          Rampage  .   (no gloves)
Will    .....                   j - +0 pair of boots
Stlth   ..........              (no amulet)
HPRegen 0.20/turn               (no ring)
MPRegen 0.10/turn               (no ring)

@: hasted, very quick
A: horns 2, retaliatory headbutt
a: no special abilities


You were on level 4 of the Dungeon.
You visited 1 branch of the dungeon, and saw 5 of its levels.

You collected 128 gold pieces.

Inventory:

Hand Weapons
 a - a +0 war axe
 l - a +0 hand axe of venom (weapon)
Missiles
 d - 5 poisoned darts (quivered)
Armour
 b - a +0 scale mail (worn)
 c - a +0 buckler (worn)
 j - a +0 pair of boots (worn)
Scrolls
 e - 3 scrolls of amnesia
Potions
 f - a potion of cancellation
 h - 3 potions of brilliance
 i - a potion of flight {unknown}
 k - 3 potions of ambrosia
 m - a potion of berserk rage {unknown}


   Skills:
 - Level 5.0 Fighting
 * Level 9.7 Axes
 - Level 4.0 Armour
 - Level 2.0 Dodging
 - Level 4.0 Shields


You had 6 spell levels left.
You didn't know any spells.
Your spell library contained the following spells:

 Spells                   Type           Power      Damage    Failure   Level
 Ensorcelled Hibernation  Hex/Ice        0%         N/A       95%         2
 Passwall                 Tmut/Erth      0%         N/A       95%         2
 Swiftness                Air            0%         N/A       99%         3


Dungeon Overview and Level Annotations

Branches:
Dungeon (5/15)
 Temple: D:4-7

Altars:
Fedhas
Makhleb
Okawaru
Vehumet
Wu Jian


Innate Abilities, Weirdness & Mutations

You have a pair of horns on your head.
You reflexively headbutt those who attack you in melee.


Message History

The yak moves out of view.
A yak comes into view. 2 yaks come into view.
Found 3 gold pieces.
The yak bellows! x3
The yak moves out of view.
Unknown command.
You see here a hound corpse.
You hear the slow rusting of a very distant drain.
You slash the yak!
The yak is poisoned.
You headbutt the yak.
The yak is moderately wounded.
The yak barely misses you.
You hit the yak.
The yak is moderately wounded.
You completely miss the orc. The orc completely misses you. The yak gores you!
You hit the yak.
The yak looks as sick as possible!
You headbutt the yak.
The yak is severely wounded.
You closely miss the orc. The orc hits you but does no damage.
The yak closely misses you.
You slash the yak!
The yak looks as sick as possible!
The yak is almost dead.
You hit the orc.
The orc is poisoned.
The orc barely misses you. The yak gores you!
You are too injured to fight recklessly!
You kill the yak!
The orc hits you with a +0 flail!
Unknown command.
You kill the orc!
The yak gores you but does no damage.
You hit the yak.
The yak is poisoned.
You headbutt the yak.
The yak is lightly wounded.
The yak gores you!
* * * LOW HITPOINT WARNING * * *
There is a stone staircase leading up here.
The yak gores you!
* * * LOW HITPOINT WARNING * * *
You climb upwards.
There is a stone staircase leading down here.
It was a potion of haste.
You feel yourself speed up. The yak gores you.
You die...

#.# #.# ##.........## ##)##
##+## ########.## ##...####
##...## #.# #..#....###.....##
#####.# #....##.##.......##
##.##..#
##....##.#.........####...#.####
#........+.........'............
#.....##.#.....Y...####...#.####
#..#.###.##....@..## ##.##.#
#........###.....## ####.#
#.######## ##...## #.# #)####
##+## #.# #....# #.#
##########.# ##.##.# #.#
#.......##.# .[###'###
##.###.#####.##.# ###.....##
##...##.#####.##.#
##.......####.....#.#........#


You could see a yak (poisoned).

Vanquished Creatures
  A yak (D:5)
  A black bear (D:4)
  A centaur (D:5)
  A kobold brigand (D:4)
  A scorpion (D:4)
  A hound (D:5)
  3 orc priests
  A bullfrog skeleton (D:5)
  Natasha (twice) (D:2)
  3 gnolls (D:3)
  10 adders
  2 worms
  3 dart slugs
  9 orcs
  5 ball pythons
  8 endoplasms
  4 giant cockroaches
  8 goblins
  2 hobgoblins (D:1)
  5 jackals
  29 kobolds
  2 quokkas
  8 bats
  3 frilled lizards (D:1)
  6 rats
119 creatures vanquished.

Vanquished Creatures (others)
  14 plants
14 creatures vanquished.

Grand Total: 133 creatures vanquished

Notes
Turn   | Place    | Note
-------+----------+-------------------------------------------
     0 | D:1      | DearestLeader the Minotaur Fighter began the quest for the
                  | Orb.
     0 | D:1      | Reached XP level 1. HP: 19/19 MP: 0/0
   125 | D:1      | Found a faded altar of an unknown god.
   227 | D:1      | Reached XP level 2. HP: 27/27 MP: 1/1
   407 | D:1      | Reached skill level 3 in Axes
   479 | D:1      | Reached skill level 1 in Dodging
   614 | D:1      | Reached XP level 3. HP: 33/33 MP: 2/2
  1043 | D:2      | You fall into a shaft and drop 2 floors!
  1067 | D:4      | Found an ornate altar of the Wu Jian Council.
  1179 | D:4      | Found a radiant altar of Vehumet.
  1189 | D:4      | Reached XP level 4. HP: 40/40 MP: 3/3
  1309 | D:4      | Noticed a black bear
  1312 | D:4      | Killed a black bear
  1313 | D:4      | Reached skill level 4 in Axes
  1313 | D:4      | Reached XP level 5. HP: 47/47 MP: 4/4
  1331 | D:4      | Reached skill level 5 in Fighting
  1331 | D:4      | Reached skill level 5 in Axes
  1550 | D:3      | Reached XP level 6. HP: 56/56 MP: 5/5
  1567 | D:3      | Reached skill level 6 in Axes
  1657 | D:3      | Found a burning altar of Makhleb.
  2319 | D:2      | Noticed Natasha
  2324 | D:2      | Killed Natasha
  2401 | D:2      | Noticed Natasha
  2403 | D:2      | Killed Natasha
  2404 | D:2      | Reached skill level 7 in Axes
  2455 | D:3      | Found a blossoming altar of Fedhas.
  3115 | D:4      | Reached XP level 7. HP: 60/61 MP: 6/6
  3252 | D:4      | Reached skill level 8 in Axes
  3609 | D:5      | Entered Level 5 of the Dungeon
  3686 | D:5      | Reached skill level 9 in Axes
  3700 | D:5      | Found an iron altar of Okawaru.
  3700 | D:5      | Noticed a yak
  3700 | D:5      | Noticed a yak
  3701 | D:5      | Noticed a yak
  3701 | D:5      | Noticed a yak
  3701 | D:5      | Noticed a yak
  3721 | D:5      | Killed a yak
  3732 | D:5      | HP: 1/61 [yak (7)]
  3734 | D:4      | Slain by a yak

Illustrated notes

Levels and vault maps discovered:
D:1:      elethiomel_arrival_maze, layout_loops_ring,
          dilly_ecumenical_altar_fadedgnrine
D:2:      minmay_chambers_of_ones, layout_rooms, moated_statue,
          kennysheep_generic_room_2, uniq_natasha
D:3:      cheibrodos_helix_gallery, layout_rooms, mainiacjoe_overflow_alcove_2,
          fedhas_altar_1
D:4:      kennysheep_kobold_camp, layout_loops_corners,
          nicolae_vehumet_altar_sigil, mainiacjoe_overflow_boulevard
D:5:      layout_cave_pools, mainiacjoe_overflow_chevrons,
          ebering_ghost_inner_flame, gup_sewer_entry_bubbles,
          chequers_decorated_corner, kennysheep_generic_room_6

Skill      XL: |  1  2  3  4  5  6  7 |
---------------+----------------------+-----
Axes           | 3 4 5 7 9 |  9.7
Dodging        | 1 2 |  2.0
Armour         | 4 |  4.0
Fighting       | 4 5 |  5.0
Shields        | 4 |  4.0

Action                   |  1- 3 |  4- 6 |  7- 9 || total
-------------------------+-------+-------+-------++-------
Melee: War axe           |    78 |   105 |       ||   183
       Headbutt          |     6 |    17 |    11 ||    34
       Hand axe          |       |    14 |    33 ||    47
  Use: Potion            |       |     1 |     1 ||     2
       Scroll            |       |     4 |     2 ||     6
Armor: Scale mail        |    40 |    46 |    18 ||   104
Dodge: Dodged            |    46 |    58 |    15 ||   119
Block: Buckler           |    18 |    28 |     7 ||    53
